 Dungeon Crawl Stone Soup version 0.13.1-2-gfb2c2b7 (webtiles) character file.

397 Lilouch the Skirmisher (level 5, 0/40 HPs)
             Began as a Demonspawn Chaos Knight on Dec 9, 2013.
             Was a Plaything of Xom.
             Killed by divine providence
             ... invoked by an orc priest
              (11 damage)
             ... on Level 4 of the Dungeon.
             The game lasted 00:15:24 (4036 turns).

Lilouch the Skirmisher (Demonspawn Chaos Knight)    Turns: 4036, Time: 00:15:24

HP   0/40        AC 10     Str 14      XL: 5   Next: 71%
MP   5/5         EV 10     Int 13      God: Xom
Gold 169         SH  0     Dex 13      Spells:  0 memorised,  4 levels left

Res.Fire  : . . .   See Invis. : .   C - +0 orc trident
Res.Cold  : . . .   Warding    : .   b - +2 leather armour
Life Prot.: . . .   Conserve   : .   (no shield)
Res.Poison: .       Res.Corr.  : .   d - +0 helmet
Res.Elec. : .       Clarity    : .   (no cloak)
Sust.Abil.: + .     Spirit.Shd : .   (no gloves)
Res.Mut.  : .       Stasis     : .   (no boots)
Res.Rott. : .       Flight     : .   y - amulet of faith
Saprovore : . . .                    l - ring of sustain abilities {unknown}
                                     u - +2 ring of dexterity

@: confused, slightly resistant to hostile enchantments, extremely unstealthy
A: claws 1, hooves 1, herbivore 1, slow metabolism 1, spiny 1, spit poison 1, AC
+4, Dex -1
a: Spit Poison, Renounce Religion


You were on level 4 of the Dungeon.
You worshipped Xom.
You were a favourite toy of Xom.
You were hungry.

You visited 1 branch of the dungeon, and saw 5 of its levels.

You collected 149 gold pieces.

Inventory:

Hand weapons
 a - a +0,+1 spear of chaos {=f}
 w - a cursed -1,-3 crossbow
 C - a +0,+0 orcish trident (weapon)
 F - a +0 blowgun
Missiles
 m - 2 darts of dispersal (quivered)
 D - 23 bolts
 G - 7 poisoned needles
 I - 17 darts of frost
Armour
 b - a +2 leather armour (worn)
 d - a +0 helmet (worn)
Magical devices
 J - a wand of slowing (11)
Comestibles
 c - 3 bread rations
 A - 3 lychees
 E - a choko
Scrolls
 e - 2 scrolls of fear {unknown}
 f - 2 scrolls of magic mapping
 g - a scroll of teleportation
 h - a scroll of enchant weapon II
 j - a scroll of blinking {unknown}
 n - a scroll of identify {unknown}
 p - a scroll of amnesia {unknown}
 q - 2 scrolls of remove curse {unknown}
 s - a scroll of recharging {unknown}
 x - a scroll of enchant armour {unknown}
 K - a scroll of curse armour {unknown}
 L - a scroll of enchant weapon I {unknown}
Jewellery
 l - a ring of sustain abilities (right claw) {unknown}
 u - a +2 ring of dexterity (left claw)
 v - an uncursed amulet of warding {unknown}
 y - an amulet of faith (around neck)
Potions
 i - a potion of heal wounds {unknown}
 k - a potion of magic
 o - a potion of degeneration {unknown}
 r - a potion of confusion {unknown}
 t - a potion of paralysis {unknown}
 z - a potion of curing
 B - a potion of flight {unknown}
 H - a potion of speed {unknown}
Miscellaneous
 M - a bottled efreet


   Skills:
 + Level 4.4 Fighting
 + Level 3.7 Polearms
 + Level 3.7 Armour
 - Level 0.8 Dodging


You had 4 spell levels left.
You didn't know any spells.

Dungeon Overview and Level Annotations

Branches:
Dungeon (5/27)
 Temple: D:4-7

Altars:
Cheibriados

Annotations:
D:4 Chiseanne's ghost, average GrAr


Innate Abilities, Weirdness & Mutations

You have sharp fingernails.
You are partially covered in rough black scales (AC +4, Dex -1).
You are partially covered in sharp spines.
You have large cloven feet.
You digest meat inefficiently.
You have a slow metabolism.
You can spit poison.


Message History

The orc priest calls down the wrath of Beogh upon you.
Something smites you!
You hear some strange, mumbled words.
Something tries to affect you, but you resist.
You closely miss it. You kick it.
The orc priest's eyes start to glow.
It completely misses you.
You closely miss it. The orc priest closely misses you.
You hear some strange, mumbled words.
The puff of flame hits you!
You miss it. You kick it.
The orc priest hits you with an orcish flail.
* * * LOW HITPOINT WARNING * * *
You hear some strange, mumbled words.
You are confused.
Ouch!
The orc priest calls down the wrath of Beogh upon you.
Something smites you!
You die...
Xom guffaws!

.##########.###........##
.# #.# #.######.# .#
#.###.#....#.# # ##
#.#...#...G..###.#
#.#.#..o..##.....###
#.#............)....#
#.###.######)######.
#.###o#<...#....#
#.....@.)....##.#
#..........#.# #
#.......####.# #.......+
..# ###.....g.# ###
#.....%...# #......?###
#.......# ##
............#


You could see an orc priest and a hobgoblin.

Vanquished Creatures
  An orc priest (D:4)
  An iguana (D:4)
  An orc wizard (D:3)
  3 adders
  A gnoll (D:3)
  A shadow imp (D:3)
  3 worms
  2 giant geckos
  An ooze (D:1)
  14 orcs
  2 giant cockroaches (D:2)
  6 goblins
  4 hobgoblins
  13 kobolds
  11 bats
  2 giant newts
  8 jackals (D:1)
  13 rats
87 creatures vanquished.

Notes
Turn   | Place    | Note
--------------------------------------------------------------
     0 | D:1      | Lilouch, the Demonspawn Chaos Knight, began the quest for the Orb.
     0 | D:1      | Reached XP level 1. HP: 16/16 MP: 1/1
    12 | D:1      | XOM: harmless Summ miscast
   181 | D:1      | XOM: potion effect (brilliance)
   184 | D:1      | Gained mutation: You are partially covered in rough black scales (AC +4, Dex -1). [demonic ancestry]
   184 | D:1      | Reached XP level 2. HP: 22/22 MP: 2/2
   517 | D:1      | XOM: noise
   710 | D:1      | XOM: colour smoke trail
   737 | D:2      | XOM: severe Divn miscast
   742 | D:2      | XOM: 2-stop teleportation journey
   845 | D:2      | XOM: noise
   849 | D:2      | Gained mutation: You are partially covered in sharp spines. [demonic ancestry]
   849 | D:2      | Reached XP level 3. HP: 28/28 MP: 3/3
  1006 | D:2      | XOM: noise
  1483 | D:2      | You fall through a shaft!
  1527 | D:4      | Reached XP level 4. HP: 34/34 MP: 4/4
  1710 | D:2      | XOM: summons 3 hostile shadow creatures
  1921 | D:3      | Reached skill level 4 in Fighting
  2187 | D:3      | XOM: 7-stop teleportation journey
  2213 | D:3      | XOM: give mutations
  2213 | D:3      | Gained mutation: You digest meat inefficiently. [Xom's mischief]
  2213 | D:3      | Gained mutation: You are robust (+10% HP). [Xom's mischief]
  2213 | D:3      | Gained mutation: You are weak. (Str -2) [Xom's mischief]
  2241 | D:3      | XOM: give mutations
  2241 | D:3      | Lost mutation: You are weak. (Str -2) [Xom's mischief]
  2241 | D:3      | Lost mutation: You are robust (+10% HP). [Xom's mischief]
  2241 | D:3      | Gained mutation: Your natural rate of healing is unusually fast. [Xom's mischief]
  2334 | D:3      | Gained mutation: You have sharp fingernails. [demonic ancestry]
  2334 | D:3      | Reached XP level 5. HP: 20/40 MP: 5/5
  2609 | D:3      | XOM: give mutations
  2609 | D:3      | Lost mutation: Your natural rate of healing is unusually fast. [Xom's mischief]
  2609 | D:3      | Gained mutation: You have a slow metabolism. [Xom's mischief]
  2609 | D:3      | Gained mutation: You have large cloven feet. [Xom's mischief]
  2609 | D:3      | Gained mutation: You can spit poison. [Xom's mischief]
  2622 | D:3      | XOM: harmless Divn miscast
  2916 | D:3      | XOM: harmless Necr miscast
  2920 | D:3      | XOM: enchant monster (bad)
  2985 | D:3      | Found a snail-covered altar of Cheibriados.
  2992 | D:3      | XOM: harmless Hex miscast
  3190 | D:4      | XOM: divination: detect items
  3234 | D:4      | XOM: divination: detect items
  3345 | D:4      | XOM: divination: detect creatures
  3377 | D:4      | Noticed Chiseanne's ghost (average GrAr)
  3524 | D:5      | Entered Level 5 of the Dungeon
  3526 | D:5      | Noticed a centaur
  3645 | D:4      | XOM: god gift: bottled efreet
  3714 | D:4      | XOM: god gift: scroll labeled DOS OSUMMUIW
  3732 | D:4      | XOM: polymorph orc -> giant eyeball
  3745 | D:4      | Paralysed by a giant eyeball for 4 turns
  3747 | D:4      | XOM: enchant monster (good)
  3767 | D:3      | XOM: summons 1 hostile demon
  3819 | D:3      | XOM: divination: detect creatures
  4036 | D:4      | Killed from afar by an orc priest

Action                   |  1- 3 |  4- 6 || total
-------------------------+-------+-------++-------
Melee: Spear             |   132 |    26 ||   158
       Trident           |       |   128 ||   128
 Abil: Spit Poison       |       |     6 ||     6
  Use: Scroll            |     3 |     1 ||     4
       Potion            |       |     3 ||     3
 Stab: Distracted        |       |     1 ||     1
